← All builds
Tech / Armada / Economy first / OBSERVED BUILD

Standard tech

Armada Tech (Eco) build order · Supreme Isthmus

Rushes T2 by 4:15, gets Advanced Metal Extractor around 5:28, hands off T2 constructors to Geo and the team, then scales eco and supplies the team's T2 needs through the rest of the game.

Usually first T2 con to Geo (83%)

#eco #t2 #team support · 1579 distinct matches · 255 players · 58% of Armada Tech games · team won 53% of 1874 · Recently observed

HOW TO PLAY IT

Key timing: T2 factory by 4:15

  1. Open 3 mex and heavy wind to fund a fast T2 rush.
  2. Put down Bot Lab, planning to eat it for reclaim soon after.
  3. Get Advanced Bot Lab up, hitting the T2 factory rush timing.
  4. Upgrade mex to Advanced Metal Extractor to lock in team metal income.
  5. Eat Advanced Bot Lab and keep sending cons to Geo and Pond.

Phase by phase

TYPICAL OF ITS 1579 GAMES
  1. 1
  2. 2
  3. 3
  4. 4
PLAY THE OPENING

Follow the example game's first 6:00 step by step: what to build now, what comes next, and where it goes. At 1× it keeps pace with your own game.

  1. 1

    Up to the Bot Lab

    Economy
    • Metal Extractor3Mex
    • Wind Turbine4Wind
    Order
    1. Bot LabBot Lab after 3 mex, 4 winddone ~1:18, middle half 1:13–1:32

    Some games also: energy storage (31%)

    By 1:01 in all: 3 mex · 4 wind

    The example game in this phase · 3 steps
    1. Mex ×3
    2. Wind ×4
    3. Bot LabBot Labdone 1:16 · typical 1:18
  2. 2

    Bot Lab to Advanced Bot Lab

    Economy
    • Metal Extractor1Mex
    • Wind Turbine8Wind
    • Energy Storage1Energy storage
    Order
    1. Advanced Bot LabAdvanced Bot Lab after 4 mex, 12 wind, 3 con turretdone ~4:16, middle half 4:04–4:30
    Builders
    • Construction Turret3 Con turret
    • Lazarus3 Lazarus
    • Construction Bot2 Con bot
    • Construction Bot1 Con bot for allies

    Some games also: converter (36%)

    By 3:18 in all: 4 mex · 12 wind · 1 energy storage · 3 con turret

    The example game in this phase · 18 steps
    1. LazarusLazarus
    2. Wind
    3. Construction BotCon bot
    4. Wind ×2
    5. LazarusLazarus
    6. Wind ×2
    7. Construction BotCon bot
    8. Mex
    9. Wind
    10. Construction BotCon botfor Air
    11. Con turret ×3
    12. Wind
    13. Converter ×2
    14. Wind ×5
    15. Converter ×2
    16. Wind
    17. Bot LabEat Bot Labreclaimed for its metal
    18. Advanced Bot LabAdvanced Bot Labdone 4:32 · typical 4:16
  3. 3

    Advanced Bot Lab to 5:00

    Economy
    • Wind Turbine3Wind
    Order
    1. Bot LabEat Bot Lab
    Builders
    • Advanced Construction Bot1 T2 con bot for allies

    Some games also: converter (35%)

    By 5:00 in all: 4 mex · 15 wind · 1 converter · 1 energy storage · 3 con turret

    The example game in this phase · 6 steps
    1. Energy storage
    2. Wind
    3. Advanced Construction BotT2 con botfor Geo
    4. Wind
    5. Advanced Metal ExtractorT2 mexdone 5:05 · typical 5:29
    6. Wind
  4. 4

    5:00 to 10:00

    Economy
    • Wind Turbine43Wind
    • Energy Converter6Converter
    Builders
    • Butler9 Butler
    • Advanced Construction Bot4 T2 con bot for allies
    • Advanced Construction Bot1 T2 con bot

    Some games also: con turret (43%) · Butler for allies (36%)

    By 10:00 in all: 4 mex · 58 wind · 8 converter · 1 energy storage · 3 con turret

    The example game in this phase · 244 steps
    1. Wind
    2. Advanced Construction BotT2 con botfor Air
    3. Wind ×2
    4. Advanced Metal ExtractorT2 mex
    5. Wind
    6. Advanced Metal ExtractorT2 mex
    7. Wind ×2
    8. Advanced Construction BotT2 con botfor Geo sea
    9. Wind ×3
    10. ButlerButler
    11. Wind
    12. Advanced Metal ExtractorT2 mex
    13. ButlerButler
    14. Wind ×2
    15. ButlerButler ×2
    16. Wind
    17. ButlerButler
    18. Wind ×2
    19. ButlerButler
    20. Wind ×2
    21. ButlerButler
    22. Wind ×4
    23. ButlerButler
    24. Wind ×3
    25. Advanced Construction BotT2 con botfor Pond
    26. Wind ×5
    27. Advanced Construction BotT2 con botfor Beach sea
    28. Wind ×5
    29. ButlerButlerfor Geo sea
    30. Wind ×3
    31. ButlerButlerfor Geo sea
    32. Wind ×3
    33. ButlerButler
    34. Wind ×4
    35. Con turret
    36. ButlerButler
    37. Wind ×2
    38. Metal storage
    39. Wind ×4
    40. Advanced Construction BotT2 con bot
    41. Wind ×6
    42. Converter
    43. Wind
    44. Advanced Construction BotT2 con bot
    45. Wind
    46. T2 converter
    47. Wind ×2
    48. Converter
    49. Wind ×4
    50. Converter
    51. Wind ×5
    52. Converter
    53. Wind ×3
    54. Con turret
    55. Wind ×4
    56. Converter
    57. Wind ×7
    58. Converter
    59. Wind
    60. Advanced Bot LabEat Advanced Bot Labreclaimed for its metal
    61. Wind ×4
    62. Aircraft PlantAircraft Plantdone 10:07
    63. Wind
    64. Converter
    65. Wind ×7
    66. Converter
    67. Wind
    68. Con turret
    69. Wind
    70. Con turret
    71. BlinkScout plane
    72. Wind
    73. Con turret
    74. Wind ×3
    75. Con turret
    76. BlinkScout plane
    77. Wind
    78. Con turret
    79. Wind
    80. Converter
    81. Wind ×4
    82. Construction AircraftCon aircraft
    83. Wind
    84. Converter
    85. Wind ×3
    86. Con turret
    87. Wind ×4
    88. FalconFighter
    89. Con turret
    90. Converter
    91. Wind ×2
    92. Con turret
    93. Wind ×2
    94. FalconFighter
    95. Wind
    96. FalconFighter
    97. Wind ×2
    98. FalconFighter
    99. Wind
    100. Converter
    101. FalconFighter
    102. Wind
    103. FalconFighter ×2
    104. Wind ×2
    105. FalconFighter
    106. Wind
    107. FalconFighter ×2
    108. Wind
    109. FalconFighter
    110. Wind
    111. Converter
    112. Wind
    113. FalconFighter
    114. Wind
    115. BansheeBanshee
    116. Wind
    117. BansheeBanshee
    118. Wind
    119. BansheeBanshee
    120. Wind ×2
    121. BansheeBanshee
    122. Converter
    123. Wind
    124. BansheeBanshee
    125. Wind ×2
    126. BansheeBanshee
    127. Wind
    128. Con turret
    129. BansheeBanshee
    130. Wind
    131. BansheeBanshee
    132. Wind ×2
    133. BansheeBanshee
    134. Wind
    135. Converter
    136. FalconFighter
    137. Wind
    138. FalconFighter
    139. Wind ×2
    140. FalconFighter ×2
    141. Wind
    142. Converter
    143. FalconFighter ×2
    144. Wind ×3
    145. FalconFighter ×2
    146. Con turret
    147. Converter
    148. BlinkScout plane
    149. Wind ×2
    150. FalconFighter
    151. Wind
    152. FalconFighter
    153. Wind
    154. FalconFighter
    155. Wind
    156. FalconFighter
    157. Con turret
    158. Wind
    159. FalconFighter
    160. Wind
    161. FalconFighter
    162. Converter
    163. Wind
    164. FalconFighter ×2
    165. Wind ×2
    166. FalconFighter
    167. Bot LabBot Labdone 12:17
    168. Wind ×2
    169. FalconFighter ×2
    170. Wind
    171. FalconFighter
    172. Wind ×2
    173. Converter
    174. FalconFighter
    175. Wind
    176. StormbringerBomber
    177. Wind ×2
    178. StormbringerBomber
    179. Wind
    180. Converter
    181. Wind
    182. StormbringerBomber
    183. Wind ×2
    184. FalconFighter
    185. T2 converter
    186. Fusion ReactorFusiondone 13:42
    187. FalconFighter
    188. Wind ×2
    189. Converter
    190. Wind
    191. Aircraft PlantEat Aircraft Plantreclaimed for its metal
    192. Wind
    193. LazarusLazarus
    194. Wind ×3
    195. PawnPawn
    196. Wind
    197. Converter
    198. PawnPawn
    199. Wind ×3
    200. Sneaky PeteSneaky Pete
    201. LazarusLazarus
    202. Wind
    203. Converter
    204. Wind ×4
    205. Converter
    206. Wind ×3
    207. Converter
    208. LazarusLazarus
    209. Wind ×2
    210. Converter
    211. Wind ×5
    212. T2 converter
    213. Wind
    214. Converter
    215. Wind
    216. Fusion ReactorFusion
    217. Wind ×6
    218. Converter
    219. Wind ×6
    220. Converter
    221. Wind ×5
    222. Converter
    223. Wind
    224. Con turret
    225. Wind ×4
    226. Converter
    227. T2 converter
    228. Wind ×3
    229. Con turret
    230. Wind
    231. Converter
    232. Wind
    233. Con turret
    234. Wind ×3
    235. Con turret
    236. Wind
    237. Converter
    238. Con turret
    239. Wind ×5
    240. Converter
    241. Wind
    242. Aircraft PlantAircraft Plantdone 14:54
    243. Wind ×2
    244. Aircraft PlantAircraft Plant ×2done 14:58

Counts are medians over the build's games: half of them build more, half fewer. The example game is TheGeneraI's (33 OS, 14/10/2026); pick another.

Team trades

IN AT LEAST 30% OF ITS GAMES

You hand over

  • Construction Bot1 Con bot to Airfirst at 2:23 · in 84% of games
  • Advanced Construction Bot5 T2 con bot to Air or Geo sea or Pondfirst at 4:50 · in 99% of games
  • Butler2 Butler to Geo sea or Beach sea or Pondfirst at 9:07 · in 42% of games

You get

  • Hercules1 Light transport from Airfirst at 4:01 · in 86% of games

How it plays out

Typical game of this build, running totals by minute

Metal produced

020k40k
0:005:0010:0015:00

metal

Enemy metal destroyed

050100
0:005:0010:0015:00

metal

Own metal lost

050100150
0:005:0010:0015:00

metal

1874 games.

Show as table
ByMetal produced: This buildEnemy metal destroyed: This buildOwn metal lost: This build
1:0038300
2:0091500
3:00165100
4:00314400
5:00484700
6:00580000
7:00722700
8:00906100
9:001117300
10:001350300
11:001624200
12:001965600
13:002344500
14:0027362073
15:003154285130
WHAT THE NUMBERS SAY

Standard Tech play barely fights at all early, instead pouring metal into T2 infrastructure and constructors for the team.

  • + Metal produced hits 31679 by 15:00, by far the highest of any role here.
  • + T2 factory reached in 97% of games by 4:15, fastest and most reliable T2 timing.
  • − Enemy metal destroyed stays at 0 through 10:00, no early offense at all.
  • − Own metal lost also near 0, showing total avoidance of combat risk.
THE EXAMPLE YOU ARE READING

TheGeneraI

33.3 OS · 14/10/2026

Open source match ↗

1 received units
4321 metal received · 39612 energy received

Allied construction assistance is unknown. Timings are observations, not a promise of solo reproducibility.

Typical milestones

Bot Lab1:18Middle 50%: 1:13–1:32 · n=1874
Advanced Bot Lab4:16Middle 50%: 4:04–4:30 · n=1867
Advanced Metal Extractor5:29Middle 50%: 5:05–5:59 · n=1870

Played most by

Amrissa93games of this buildTheGeneraI66games of this buildAdeus57games of this buildEl_Turco56games of this buildKOT_43games of this build